 Dungeon Crawl Stone Soup version 0.31-a0-174-g85c54bcb58 (webtiles) character file.

Game seed: 1250553800928409715

90 qw the Shooter (level 4, -6/28 HPs)
             Began as a Gargoyle Hunter on June 15, 2023.
             Mangled by a gnoll
             ... wielding a +0 halberd
              (8 damage)
             ... on level 2 of the Dungeon.
             The game lasted 00:00:35 (1103 turns).

qw the Shooter (Gargoyle Hunter)                    Turns: 1103, Time: 00:00:36

Health: -6/28      AC:  7    Str: 14    XL:     4   Next: 56%
Magic:  4/4        EV: 11    Int: 10    God:
Gold:   94         SH:  0    Dex: 15    Spells: 3/3 levels left

rFire   . . .        Y - +1 shortbow
rCold   . . .        (shield currently unavailable)
rNeg    + . .        c - +0 leather armour
rPois   inf          (no helmet)
rElec   +            (no cloak)
rCorr   .            f - +0 pair of gloves
SInv    .            (no boots)
Will    .....        (no amulet)
Stlth   ++           (no ring)
HPRegen 0.24/turn    (no ring)
MPRegen 0.09/turn

%: no passive effects
@: no status effects
A: sickness immunity, AC +3, negative energy resistance 1, electricity
resistance, torment resistance 1, petrification resistance
a: no special abilities


You were on level 2 of the Dungeon.
You visited 1 branch of the dungeon, and saw 2 of its levels.

You collected 94 gold pieces.


Innate Abilities, Weirdness & Mutations

You are immune to sickness and miasma.
Your stone body is resilient. (AC +3)
You are immune to poison.
You resist negative energy. (rN+)
You are resistant to electric shocks. (rElec)
You are resistant to unholy torment.
You are immune to petrification.


   Skills:
 - Level 3.0 Fighting
 + Level 5.5 Ranged Weapons
 - Level 1.5 Dodging
 - Level 1.1 Stealth


You had 3 spell levels left.
You didn't know any spells.
Your spell library was empty.

Inventory:

Hand Weapons
 Y - a +1 shortbow (weapon)
Armour
 c - a +0 leather armour (worn)
 f - a +0 pair of gloves (worn)
 h - a +1 ring mail of positive energy
Scrolls
 a - 3 scrolls of identify
 b - a scroll of fear {unknown}
 e - a scroll of fog {unknown}
 g - a scroll of silence {unknown}
Potions
 d - a potion of degeneration {unknown}

Dungeon Overview and Level Annotations

Branches:
Dungeon (2/15)

Altars:


Message History

Enter note:
Enter note:
Enter note:
Enter note:
Enter note:
Enter note: 2 gnolls come into view.
A quokka comes into view.
The gnoll hits you from afar with a +0 halberd.
1093 ||| Stepping ~*~*~tactically~*~*~ (outnumbered).
You start resting.
A gnoll is nearby!
You shoot an arrow.
The arrow hits the gnoll but does no damage.
The gnoll hits you with a +0 halberd!
You shoot an arrow. The arrow hits the gnoll.
The gnoll is heavily wounded.
The gnoll barely misses you.
You shoot an arrow. The arrow hits the gnoll.
The gnoll is almost dead.
The gnoll misses you. x2
You shoot an arrow. The arrow hits the gnoll.
You kill the gnoll!
The gnoll hits you from afar with a +0 halberd.
The gnoll hits you but does no damage. The gnoll misses you.
You shoot an arrow. The arrow barely misses the gnoll. x2
The gnoll barely misses you.
You shoot an arrow. The arrow barely misses the gnoll.
The arrow hits the gnoll.
The gnoll is severely wounded.
The gnoll hits you with a +0 whip. The gnoll barely misses you.
You shoot an arrow. The arrow hits the gnoll!
The gnoll is severely wounded.
The gnoll hits you from afar with a +0 halberd.
You shoot an arrow. The arrow closely misses the gnoll. x2
The gnoll barely misses you. The gnoll completely misses you.
You shoot an arrow. The arrow closely misses the gnoll.
The arrow hits the gnoll but does no damage.
The gnoll is severely wounded.
The gnoll hits you with a +0 whip. The gnoll barely misses you.
The gnoll hits you from afar with a +0 halberd!
You die...

#......#############.##.#..##...#
#....................##.#..##.#..
####.##################.#..##....
#.# #.#..##.#.. #.# #.#........
#.# ###.##....... #.#
#......%..... #.#
######.########### #.#
#@#.##.##.#.####.. #.#
##g##...##.###.... #.#
r.g.gg.#g..8...#...)... #.#
#....g#..#..%#..#.....# #.#
##.#....#..8..#....#.## #.#
#.#.#..#.......#..#.#.#
#.#############.##.##.########
#........#.######...### #..
#########.##..# ##.## .##


You could see 2 gnolls.

Vanquished Creatures
  A gnoll (D:2)
  2 adders (D:2)
  A worm (D:2)
  2 dart slugs (D:2)
  3 ball pythons
  6 endoplasms
  2 giant cockroaches
  7 goblins
  5 hobgoblins
  2 jackals (D:1)
  3 quokkas
  3 bats
  3 frilled lizards
  9 kobolds
  2 rats (D:1)
51 creatures vanquished.

Notes
Turn   | Place    | Note
-------+----------+-------------------------------------------
     0 | D:1      | qw the Gargoyle Hunter began the quest for the Orb.
     0 | D:1      | Reached XP level 1. HP: 12/12 MP: 1/1
     0 | D:1      | 0 ||| qw: Version: 0.2-a-29-g511e9b1
     0 | D:1      | 0 ||| qw: Game counter: 5541
     0 | D:1      | 0 ||| qw: Always use a shield: true
     0 | D:1      | 0 ||| qw: God list: Okawaru
     0 | D:1      | 0 ||| qw: Allow faded altars: false
     0 | D:1      | 0 ||| qw: Do Orc after D:15 true
     0 | D:1      | 0 ||| qw: Do second Lair branch before Depths: true
     0 | D:1      | 0 ||| qw: Lair rune preference: random
     0 | D:1      | 0 ||| qw: Plans: Normal, Zot:1-4, Slime:5, God:TSO, Crypt,
                  | Tomb, Abyss, Pan, Hells, Win
     0 | D:1      | 0 ||| PLANNING D:1-11
    69 | D:1      | Reached XP level 2. HP: 17/17 MP: 2/2
   301 | D:1      | 301 ||| Stepping ~*~*~tactically~*~*~ (outnumbered).
   311 | D:1      | Reached XP level 3. HP: 16/21 MP: 3/3
   386 | D:1      | Reached skill level 5 in Ranged Weapons
   528 | D:1      | 528 ||| UPGRADING to +0 pair of gloves.
   533 | D:1      | 533 ||| READING scroll labelled FETI HIFAOCHI.
   534 | D:1      | 534 ||| READING scroll labelled FEOCAZ ASUMESAONE.
   535 | D:1      | 535 ||| DROPPING scroll of butterflies.
   819 | D:2      | Reached skill level 3 in Fighting
   906 | D:2      | Reached XP level 4. HP: 24/28 MP: 4/4
  1089 | D:2      | 1089 ||| Stepping ~*~*~tactically~*~*~ (outnumbered).
  1091 | D:2      | 1091 ||| Stepping ~*~*~tactically~*~*~ (outnumbered).
  1093 | D:2      | 1093 ||| Stepping ~*~*~tactically~*~*~ (outnumbered).
  1101 | D:2      | HP: 5/28 [gnoll/+0 halberd (6)]
  1103 | D:2      | HP: 2/28 [gnoll/+0 whip (4)]
  1103 | D:2      | Mangled by a gnoll

Levels and vault maps discovered:
D:1:      dpeg_arrival_round_b, layout_basic
D:2:      wad_crossroads, layout_basic

Skill      XL: |  1  2  3 |
---------------+----------+-----
Ranged Weapons | 5 |  5.5
Fighting       | 3 |  3.0
Dodging        | |  1.5
Stealth        | |  1.1

Action                     |  1- 3 |  4- 6 || total
---------------------------+-------+-------++-------
   Fire: Shortbow          |   119 |    29 ||   148
    Use: Scroll            |     2 |       ||     2
 Armour: Leather armour    |    24 |     4 ||    28
  Dodge: Dodged            |    21 |    10 ||    31

Table legend:
 A = Non-vault XP
 B = Vault XP
 C = Vault XP percentage of total XP
 D = Non-vault monster count
 E = Vault monster count
 F = Vault count percentage of total count
                 A         B        C        D         E       F
            +---------+---------+-------+---------+---------+-------
      Total |     124 |       5 |   3.9 |      49 |       2 |   3.9
            +---------+---------+-------+---------+---------+-------
        D:1 |      42 |       0 |   0.0 |      26 |       0 |   0.0
        D:2 |      82 |       5 |   5.7 |      23 |       2 |   8.0
            +---------+---------+-------+---------+---------+-------
